 Dungeon Crawl Stone Soup version 0.21-a0-143-g1ab7d47 (webtiles) character file.

107 Deathtrap2010 the Covered (level 4, -5/40 HPs)
             Began as a Minotaur Fighter on July 25, 2017.
             Killed by divine providence
             ... invoked by an orc priest
              (11 damage)
             ... on level 3 of the Dungeon.
             The game lasted 00:05:44 (1458 turns).

Deathtrap2010 the Covered (Minotaur Fighter)        Turns: 1458, Time: 00:05:44

Health: -5/40      AC:  7    Str: 22    XL:     4   Next: 56%
Magic:  3/3        EV:  8    Int:  5    God:
Gold:   81         SH: 11    Dex: 12    Spells: 3/3 levels left

rFire    . . .     SeeInvis .   a - +0 war axe
rCold    . . .     Gourm    .   c - +1 shield
rNeg     . . .     Faith    .   b - +0 scale mail
rPois    .         Spirit   .   (helmet restricted)
rElec    .         Reflect  .   (no cloak)
rCorr    .         Harm     .   (no gloves)
MR       .....                  (no boots)
Stlth    ..........             (no amulet)
HPRegen  0.13/turn              j - +3 ring of dexterity
MPRegen  0.08/turn              (no ring)

@: no status effects
A: retaliatory headbutt, horns 2
a: no special abilities


You were on level 3 of the Dungeon.
You were not hungry.

You visited 1 branch of the dungeon, and saw 3 of its levels.

You collected 81 gold pieces.

Inventory:

Hand Weapons
 a - a +0 war axe (weapon)
Armour
 b - a +0 scale mail (worn)
 c - a +1 shield (worn)
Jewellery
 j - a +3 ring of dexterity (left hand)
Scrolls
 k - a scroll of immolation
Potions
 d - a potion of might
 e - a potion of lignification
 i - a potion of curing
Comestibles
 f - 3 bread rations
 g - 2 royal jellies
 h - a meat ration


   Skills:
 * Level 4.0 Fighting
 * Level 3.4 Axes
 * Level 4.6 Armour
 * Level 1.2 Dodging
 * Level 4.5 Shields


You had 3 spell levels left.
You didn't know any spells.

Dungeon Overview and Level Annotations

Branches:
Dungeon (3/15)

Altars:
Nemelex Xobeh
Beogh


Innate Abilities, Weirdness & Mutations

You reflexively headbutt those who attack you in melee.
You have a pair of horns on your head.


Message History

You feel better. The gnoll barely misses you. The gnoll hits you with a flail.
You slash the gnoll!
You kill the gnoll!
Your Fighting skill increases to level 4!
You barely miss the gnoll. The gnoll hits you with a flail.
You hit the gnoll but do no damage.
The gnoll is severely wounded.
The gnoll closely misses you. You furiously retaliate!
You headbutt the gnoll!
You kill the gnoll!
You open the door.
An orc and 2 orc priests come into view.
An orc priest is wielding a whip of venom.
The orc priest shouts! x2; The orc shouts!
The orc priest calls down the wrath of Beogh upon you.
Beogh smites you!
* * * LOW HITPOINT WARNING * * *
Found 73 gold pieces.
Found a roughly hewn altar of Beogh.
The orc priest calls down the wrath of Beogh upon you.
Beogh smites you!
You die...

#.....# #....#####
...#.##+######### #
##..#.##.#.. ..####
...#.##.#.# #.##..
#####.#..#.#.# #.##.#
##.$$##......)#####....#
#$8.8.#......)..........
#o$$..'.#...)........###
#$8.8.#@+............#
##.o$ #.#............#
### ..#....#######.#
...#....+ ..# #####....#
### #....#


You could see an orc priest.

Vanquished Creatures
  2 adders
  3 gnolls (D:3)
  2 worms
  3 dart slugs
  2 orcs (D:3)
  4 bats
  A giant cockroach (D:2)
  3 goblins
  11 hobgoblins
  2 quokkas (D:2)
  A ball python (D:2)
  3 frilled lizards
  6 kobolds
  5 rats
48 creatures vanquished.

Notes
Turn   | Place    | Note
-------+----------+-------------------------------------------
     0 | D:1      | Deathtrap2010 the Minotaur Fighter began the quest for the Orb.
     0 | D:1      | Reached XP level 1. HP: 19/19 MP: 0/0
   177 | D:1      | Reached XP level 2. HP: 27/27 MP: 1/1
   605 | D:2      | Reached XP level 3. HP: 32/33 MP: 2/2
   643 | D:2      | Found a sparkling altar of Nemelex Xobeh.
  1302 | D:3      | Reached XP level 4. HP: 32/40 MP: 3/3
  1372 | D:3      | Reached skill level 1 in Dodging
  1457 | D:3      | Found a roughly hewn altar of Beogh.
  1458 | D:3      | Killed from afar by an orc priest

Vault maps used:
D:1:      dpeg_arrival_court
D:2:      nemelex_xobeh_ov_fountains_minmay
D:3:      kennysheep_orc_chapel

Skill      XL: |  1  2  3  4 |
---------------+-------------+-----
Armour         | 4 |  4.6
Shields        | 4 |  4.5
Axes           | 3 |  3.4
Dodging        | 1 |  1.2
Fighting       | 4 |  4.0

Action                   |  1- 3 |  4- 6 || total
-------------------------+-------+-------++-------
Melee: War axe           |   104 |    13 ||   117
       Headbutt          |    16 |     1 ||    17
  Use: Potion            |     4 |     2 ||     6
       Scroll            |     7 |       ||     7
  Eat: Bread ration      |     1 |       ||     1
Armor: Scale mail        |    39 |     9 ||    48
Dodge: Dodged            |    31 |    11 ||    42
Block: Shield            |    66 |    18 ||    84
